 Dungeon Crawl Stone Soup version 0.16.2-12-gd0ad4c3 (webtiles) character file.

89 musteatbrain the Skirmisher (level 4, -1/37 HPs)
             Began as a Demonspawn Fighter on Sept 28, 2015.
             Killed by divine providence
             ... invoked by an orc priest
              (10 damage)
             ... on level 3 of the Dungeon.
             The game lasted 00:02:16 (2045 turns).

musteatbrain the Skirmisher (Demonspawn Fighter)    Turns: 2045, Time: 00:02:16

Health: -1/37      AC:  6    Str: 22    XL:     4   Next: 31%
Magic:  4/4        EV:  7    Int:  9    God:
Gold:   158        SH:  9    Dex: 13    Spells: 0 memorised, 3 levels left

rFire  . . .     SeeInvis .     a - +0 war axe
rCold  . . .     Clarity  .     b - +0 scale mail
rNeg   . . .     SustAb   +     c - +0 shield
rPois  .         Gourm    .     (no helmet)
rElec  .         Spirit   .     (no cloak)
rCorr  .         Warding  .     (no gloves)
rMut   .         Stasis   .     (no boots)
MR     .....                    (no amulet)
Stlth  ..........               (no ring)
                                n - ring of sustain abilities

@: mighty, not resistant to hostile enchantments, extremely unstealthy
A: claws 2, spiny 1
a: no special abilities


You were on level 3 of the Dungeon.
You were near starving.

You visited 1 branch of the dungeon, and saw 3 of its levels.

You collected 158 gold pieces.

Inventory:

Hand weapons
 a - a +0 war axe (weapon)
Armour
 b - a +0 scale mail (worn)
 c - a +0 shield (worn)
Jewellery
 n - a ring of sustain abilities (left claw)
Scrolls
 f - 2 scrolls of identify {unknown}
 g - a scroll of random uselessness {unknown}
 h - a scroll of enchant weapon {unknown}
 k - 3 scrolls of recharging {unknown}
 o - a scroll of teleportation {unknown}
 q - a scroll of enchant armour {unknown}
 s - a scroll of immolation {unknown}
Potions
 j - a potion of heal wounds {unknown}
 l - a potion of mutation {unknown}
 m - a potion of resistance {unknown}
 r - a potion of poison {unknown}
Comestibles
 d - 2 bread rations
 i - a meat ration
 p - 2 beef jerkies


   Skills:
 + Level 4.0 Fighting
 * Level 3.4 Axes
 - Level 2.6 Armour
 - Level 2.6 Shields


You had 3 spell levels left.
You didn't know any spells.

Dungeon Overview and Level Annotations

Branches:
Dungeon (3/15)

Altars:


Innate Abilities, Weirdness & Mutations

You have very sharp fingernails.
You are partially covered in sharp spines.


Message History

Pain shoots through your body! The orc hits you but does no damage.
You closely miss the orc priest.
The orc priest is heavily wounded.
You closely miss the orc. The orc priest completely misses you.
The orc hits you but does no damage.
The orc priest hits you but does no damage.
You slash the orc!
The orc is almost dead.
The orc hits you but does no damage.
The orc priest calls down the wrath of Beogh upon you.
Something smites you!
* * * LOW HITPOINT WARNING * * *
You hit the orc but do no damage.
The orc is almost dead.
The orc barely misses you.
Drink which item? (? for menu, Esc to quit)
You feel very mighty all of a sudden.
The orc priest invokes the aid of Beogh against you.
Something smites you!
You die...

#.# #.# #.# #.#
#.# #.#
####.########
#...........#
#.##@######.#
...###.##o###
#.#
....o.o).o..#
#.#
...###..o.#.#
#.#
#######.####.#
..............#
#######.######
#.# #.#


You could see an orc priest and 2 orcs.

Vanquished Creatures
  3 adders
  A giant mite (D:3)
  3 worms (D:2)
  A giant gecko (D:1)
  An ooze (D:2)
  5 bats
  3 goblins
  4 hobgoblins
  2 jackals (D:2)
  7 kobolds
  A ball python (D:1)
  2 giant cockroaches (D:1)
  4 rats (D:1)
37 creatures vanquished.

Notes
Turn   | Place    | Note
--------------------------------------------------------------
     0 | D:1      | musteatbrain, the Demonspawn Fighter, began the quest for the Orb.
     0 | D:1      | Reached XP level 1. HP: 18/18 MP: 1/1
   308 | D:1      | Gained mutation: You are partially covered in sharp spines. [demonic ancestry]
   308 | D:1      | Reached XP level 2. HP: 24/24 MP: 2/2
  1001 | D:2      | Gained mutation: You have sharp fingernails. [demonic ancestry]
  1001 | D:2      | Reached XP level 3. HP: 15/29 MP: 3/3
  1696 | D:2      | Gained mutation: You have very sharp fingernails. [demonic ancestry]
  1696 | D:2      | Reached XP level 4. HP: 32/37 MP: 4/4
  1970 | D:3      | Reached skill level 4 in Fighting
  2045 | D:3      | Killed from afar by an orc priest

Action                   |  1- 3 |  4- 6 || total
-------------------------+-------+-------++-------
Melee: War axe           |   108 |    19 ||   127
  Use: Potion            |       |     1 ||     1
  Eat: Chunk             |     2 |       ||     2
